 Dungeon Crawl Stone Soup version 0.29.1-debian-1-gc3f1650bb9 (webtiles) character file.

Game seed: 18358421877342697697

8910 Newt the Covert (level 11, 0/81 HPs)
             Began as a Demonspawn Gladiator on Sept 12, 2022.
             Was a Believer of Dithmenos.
             Killed from afar by Jorgrun (11 damage)
             ... with a blast of rock fragments
             ... on level 11 of the Dungeon.
             The game lasted 00:14:35 (13079 turns).

Newt the Covert (Demonspawn Gladiator)             Turns: 13079, Time: 00:14:35

Health: 0/81       AC: 15    Str: 16    XL:     11   Next: 16%
Magic:  20/20      EV: 17    Int:  9    God:    Dithmenos [**....]
Gold:   886        SH: 11    Dex: 16    Spells: 20/20 levels left

rFire   . . .      SeeInvis .   T - +2 short sword (elec)
rCold   . . .      Faith    +   J - +0 kite shield
rNeg    . . .      Spirit   .   Q - +0 acid dragon scales
rPois   .          Reflect  .   N - +2 hat
rElec   .          Harm     .   w - +0 cloak
rCorr   +          Rampage  .   n - +1 pair of gloves
Will    +....                   o - +0 pair of boots
Stlth   +++++.....              X - amulet of faith
HPRegen 0.23/turn               m - +4 ring of evasion
MPRegen 0.17/turn               p - ring of willpower

@: mighty, wreathed by umbra
A: hooves 1, thin metallic scales 1, spiny 2, demonic magic 2, dopey 1, high MP
1, wild magic 1, evolution 1
a: Renounce Religion, Shadow Step


You were on level 11 of the Dungeon.
You worshipped Dithmenos.
Dithmenos was pleased with you.
You visited 2 branches of the dungeon, and saw 13 of its levels.

You collected 886 gold pieces.

Inventory:

Hand Weapons
 s - a +1 dagger of distortion
 H - a +4 falchion
 K - a +4 dagger
 O - a +1 short sword of venom
 S - a +1 vorpal rapier
 T - a +2 short sword of electrocution (weapon)
Missiles
 d - 2 throwing nets (quivered)
 e - 7 javelins
 q - 44 poisoned darts
 v - 10 boomerangs
 V - 5 curare-tipped darts
Armour
 b - a +0 leather armour
 c - a +0 helmet
 n - a +1 pair of gloves (worn)
 o - a +0 pair of boots (worn)
 w - a +0 cloak (worn)
 J - a +0 kite shield (worn)
 N - a +2 hat (worn)
 Q - +0 acid dragon scales (worn)
Jewellery
 m - a +4 ring of evasion (left hand)
 p - a ring of willpower (right hand)
 r - a +6 ring of intelligence
 L - a ring of flight
 U - a ring of wizardry
 X - an amulet of faith (around neck)
Wands
 u - a wand of flame (41)
 A - a wand of light (7)
 B - a wand of paralysis (47)
Scrolls
 f - 3 scrolls of magic mapping
 g - 2 scrolls of enchant weapon
 i - 2 scrolls of enchant armour
 x - 7 scrolls of noise
 y - 3 scrolls of teleportation
 D - a scroll of blinking
 G - 3 scrolls of fear
 I - a scroll of fog
 W - 4 scrolls of identify
Potions
 a - 3 potions of mutation
 h - 3 potions of brilliance
 j - 2 potions of might
 k - 2 potions of resistance
 l - 2 potions of degeneration
 t - 2 potions of lignification
 z - 4 potions of curing
 C - a potion of heal wounds
 E - a potion of cancellation {unknown}
 F - 2 potions of haste {unknown}
 M - a potion of flight {unknown}
 P - a potion of attraction {unknown}
 R - a potion of berserk rage {unknown}


   Skills:
 - Level 6.0 Fighting
 - Level 6.0 Short Blades
 - Level 1.7 Throwing
 - Level 4.0 Armour
 - Level 6.0 Dodging
 - Level 8.0 Stealth
 + Level 7.6 Shields
 - Level 5.0 Spellcasting
 - Level 4.0 Evocations


You had 20 spell levels left.
You didn't know any spells.
Your spell library contained the following spells:

 Spells                   Type           Power      Damage    Failure   Level
 Foxfire                  Conj/Fire      8%         2x1d4     71%         1
 Ensorcelled Hibernation  Hex/Ice        4%         N/A       83%         2
 Frozen Ramparts          Ice            4%         1d1       96%         3
 Inner Flame              Hex/Fire       2%         N/A       96%         3
 Kindle Blastsparks       Fire/Tloc/Air  4%         2d10      96%         3
 Spider Form              Tmut/Pois      2%         N/A       96%         3
 Anguish                  Hex/Necr       1%         N/A       100%        4
 Flame Wave               Conj/Fire      2%         2d4       100%        4
 Ice Form                 Ice/Tmut       2%         N/A       100%        4
 Summon Ice Beast         Ice/Summ       2%         N/A       100%        4
 Summon Forest            Summ/Tloc      1%         N/A       100%        5
 Eringya's Noxious Bog    Tmut/Pois      1%         N/A       100%        6
 Summon Hydra             Summ           1%         N/A       100%        7


Dungeon Overview and Level Annotations

Branches:
Dungeon (12/15)            Temple (1/1) D:5            Lair (0/5) D:8
    Orc (0/2) D:9

Altars:
Ashenzari
Cheibriados
Dithmenos
Fedhas
Gozag
Hepliaklqana
Kikubaaqudgha
Makhleb
Nemelex Xobeh
Okawaru
Qazlal
Ru
Sif Muna
Trog
Uskayaw
Vehumet
Wu Jian
Xom
Yredelemnul

Shops:
D:10 *

Portals:
Trove: D:11 (give horn of Geryon)

Annotations:
D:11 exclusion: orange crystal statue, Jorgrun


Innate Abilities, Weirdness & Mutations

You have large cloven feet.
You are partially covered in thin metallic scales. (AC +2)
You are mostly covered in sharp spines.
Spells you cast may paralyse nearby enemies.
You are dopey. (Int -2)
You have an increased reservoir of magic. (+10% MP)
Your spells are a little harder to cast, but a little more powerful.
You have hidden genetic potential.


Message History

Jorgrun is moderately wounded.
Jorgrun struggles against the net.
You puncture Jorgrun!
Jorgrun is heavily wounded.
Jorgrun struggles against the net.
You catch the helpless Jorgrun completely off-guard!
You impale Jorgrun!!
Jorgrun is heavily wounded.
Jorgrun struggles against the net.
The net rips apart, and Jorgrun comes free!
You puncture Jorgrun!
Jorgrun is severely wounded.
Jorgrun hits you but does no damage.
You barely miss Jorgrun.
Jorgrun is severely wounded.
You puncture Jorgrun!
Jorgrun is severely wounded.
You block Jorgrun's attack.
You closely miss Jorgrun.
Jorgrun is severely wounded.
Jorgrun gestures at you while chanting. The iron shot misses you.
You barely miss Jorgrun.
Jorgrun is severely wounded.
Jorgrun points next to you and mumbles some strange words.
The wall shatters!
The blast of rock fragments hits you!
* * * LOW HITPOINT WARNING * * *
Unknown command.
Throw: 3 throwing nets
Press: ? - help, Q - select action, (/) - cycle Shift-Dir - straight line, f/p - Jorgrun
Aim: Jorgrun, wielding a staff of earth and wearing a +0 robe (severely wounded, umbra, 46% to hit)
You throw a throwing net. The throwing net hits Jorgrun.
Jorgrun is caught in the net!
Jorgrun is severely wounded.
Jorgrun struggles against the net.
You puncture Jorgrun!
Jorgrun is almost dead.
Jorgrun points next to you and mumbles some strange words.
The wall shatters!
The blast of rock fragments hits you!
You die...

#.# ###'# #.#
#.... ##<###
###.... #....#
#####.'....
#....###.....#....
#........#####....
#....##### #....
#....# #....
#@g..# #....
#....# #####
#....# # ######


You could see Jorgrun (caught).

Vanquished Creatures
  A two-headed ogre (D:8)
  Sonja (D:10)
  Pikel (D:6)
  An ugly thing (D:11)
  Maurice (D:10)
  Joseph (D:8)
  A gargoyle (D:11)
  Psyche (D:10)
  2 trolls
  2 hornets
  A wraith (D:12)
  A wyvern (D:10)
  A vampire (D:11)
  A shadow (D:11)
  2 yaks (D:10)
  An acid dragon (D:10)
  2 sky beasts
  2 orc warriors
  A black bear (D:3)
  3 ogres
  7 centaurs
  2 phantoms
  A bullfrog (D:8)
  A necrophage (D:5)
  3 kobold brigands
  3 scorpions
  15 wights
  2 howler monkeys
  A gnoll bouda (D:9)
  6 hounds
  4 orc priests
  2 jellies
  2 iguanas
  Crazy Yiuf (D:6)
  11 orc wizards
  13 gnolls
  3 adders
  2 shadow imps
  2 white imps
  2 ufetubi (D:6)
  4 worms (D:4)
  2 dart slugs (D:2)
  34 orcs
  3 bats
  12 endoplasms
  6 giant cockroaches
  4 hobgoblins
  8 jackals
  3 quokkas
  7 ball pythons
  3 frilled lizards
  8 goblins
  22 kobolds
  8 rats
234 creatures vanquished.

Vanquished Creatures (others)
  A yak (D:10)
  5 fungi
  4 plants (D:1)
10 creatures vanquished.

Grand Total: 244 creatures vanquished

Notes
Turn   | Place    | Note
-------+----------+-------------------------------------------
     0 | D:1      | Newt the Demonspawn Gladiator began the quest for the Orb.
     0 | D:1      | Reached XP level 1. HP: 16/16 MP: 1/1
   118 | D:1      | Reached skill level 1 in Stealth
   255 | D:1      | Gained mutation: Spells you cast may paralyse adjacent
                  | enemies. [demonic ancestry]
   255 | D:1      | Reached XP level 2. HP: 22/22 MP: 2/2
   586 | D:1      | Reached skill level 2 in Stealth
   633 | D:1      | Found a faded altar of an unknown god.
  1144 | D:2      | Gained mutation: You are partially covered in thin metallic
                  | scales. (AC +2) [demonic ancestry]
  1144 | D:2      | Reached XP level 3. HP: 28/28 MP: 3/3
  1497 | D:3      | Noticed a black bear
  1506 | D:3      | Killed a black bear
  1507 | D:3      | Gained mutation: You have large cloven feet. [demonic
                  | ancestry]
  1507 | D:3      | Reached XP level 4. HP: 23/37 MP: 4/4
  1507 | D:3      | Gained mutation: You are partially covered in sharp spines.
                  | [demonic ancestry]
  1507 | D:3      | Reached XP level 5. HP: 27/42 MP: 5/5
  2516 | D:4      | Reached skill level 1 in Spellcasting
  2592 | D:4      | Gained mutation: You are mostly covered in sharp spines.
                  | [demonic ancestry]
  2592 | D:4      | Reached XP level 6. HP: 40/48 MP: 7/9
  3279 | D:5      | Entered Level 5 of the Dungeon
  3316 | D:5      | Reached XP level 7. HP: 39/54 MP: 11/14
  3324 | D:5      | Reached skill level 5 in Spellcasting
  3324 | D:5      | Reached skill level 1 in Evocations
  3763 | D:5      | Found a staircase to the Ecumenical Temple.
  4067 | Temple   | Entered the Ecumenical Temple
  4246 | Temple   | Became a worshipper of Dithmenos the Shadowed
  4815 | D:6      | Reached XP level 8. HP: 45/60 MP: 15/15
  4827 | D:6      | Reached skill level 5 in Short Blades
  5826 | D:6      | Noticed Pikel
  5852 | D:6      | Killed Pikel
  5987 | D:6      | Found a runed translucent door.
  5988 | D:6      | Noticed Crazy Yiuf
  6024 | D:6      | Reached skill level 1 in Shields
  6024 | D:6      | Reached XP level 9. HP: 65/65 MP: 16/16
  6061 | D:6      | Noticed a troll
  6069 | D:6      | Killed a troll
  6579 | D:6      | Killed Crazy Yiuf
  6579 | D:6      | Reached * piety under Dithmenos
  6707 | D:7      | Gained mutation: You occasionally lose the ability to drink
                  | potions when taking damage. [potion of mutation]
  6708 | D:7      | Lost mutation: You occasionally lose the ability to drink
                  | potions when taking damage. [potion of mutation]
  6708 | D:7      | Gained mutation: You are dopey. (Int -2) [potion of
                  | mutation]
  6708 | D:7      | Gained mutation: You have hidden genetic potential. [potion
                  | of mutation]
  6708 | D:7      | Gained mutation: Your spells are a little harder to cast,
                  | but a little more powerful. [potion of mutation]
  6732 | D:7      | Reached skill level 5 in Fighting
  7037 | D:7      | Reached skill level 1 in Armour
  7530 | D:8      | Noticed a two-headed ogre
  7550 | D:8      | Killed a two-headed ogre
  7551 | D:8      | Reached skill level 3 in Stealth
  7551 | D:8      | Gained mutation: Spells you cast may paralyse nearby
                  | enemies. [demonic ancestry]
  7551 | D:8      | Reached XP level 10. HP: 39/76 MP: 17/17
  7559 | D:8      | Reached ** piety under Dithmenos
  7907 | D:8      | Found a sparkling altar of Nemelex Xobeh.
  7924 | D:8      | Found a staircase to the Lair.
  7932 | D:8      | Reached skill level 4 in Stealth
  8233 | D:8      | Reached skill level 5 in Stealth
  8671 | D:8      | Noticed Joseph
  8687 | D:8      | Killed Joseph
  8688 | D:8      | Reached skill level 6 in Stealth
  8745 | D:8      | Found a shimmering altar of Xom.
  8844 | D:9      | Found a shimmering blue altar of Sif Muna.
  9080 | D:9      | Reached skill level 7 in Stealth
  9420 | D:9      | Found a staircase to the Orcish Mines.
 10095 | D:10     | Entered Level 10 of the Dungeon
 10133 | D:10     | Noticed Maurice
 10141 | D:10     | Noticed Psyche
 10158 | D:10     | Reached skill level 8 in Stealth
 10174 | D:10     | Killed Psyche
 10181 | D:10     | Reached skill level 5 in Shields
 10183 | D:10     | Killed Maurice
 10702 | D:10     | Noticed Sonja
 10708 | D:10     | Killed Sonja
 10764 | D:10     | Found Toshej's Mass Market.
 11008 | D:11     | Reached XP level 11. HP: 58/81 MP: 18/18
 11138 | D:11     | Found a portal to a secret trove of treasure.
 11287 | D:11     | Found a stormy altar of Qazlal.
 11378 | D:11     | Noticed an orange crystal statue
 12056 | D:11     | Noticed a green ugly thing
 12062 | D:11     | Killed a green ugly thing
 12227 | D:11     | Identified the +0 pair of gloves of the Quahog {Str+9}
 12280 | D:11     | You fall into a shaft and drop 1 floor!
 12308 | D:12     | Gained mutation: You have an increased reservoir of magic.
                  | (+10% MP) [hidden potential]
 12380 | D:12     | Noticed Jorgrun
 12385 | D:12     | Noticed a boulder beetle
 13079 | D:11     | Killed from afar by Jorgrun

Illustrated notes

Levels and vault maps discovered:
D:1:      dpeg_arrival_water_fire, layout_basic,
          shapermc_ecumenical_altar_petra, minmay_tromino_v4_b
D:2:      layout_rooms, minmay_split_cup_small
D:3:      layout_loops_ring, nrook_mini_backslash, minmay_joined_circles
D:4:      layout_basic, nicolae_wormholes
D:5:      layout_rooms, minmay_temple_entry_antechambers
D:6:      layout_basic, uniq_pikel, uniq_crazy_yiuf_cottage
D:7:      layout_rooms, minmay_misc_feat_enclosed
D:8:      layout_gridville, lemuel_coloured_pillars_altar,
          nemelex_xobeh_ov_fountains_minmay, lair_entry_dummy,
          hangedman_abyss_or_decor_stabs, uniq_joseph
D:9:      layout_basic, old_standard_altar, orc_0_dummy, serial_rivers,
          chequers_serial_rivers_large_a, chequers_serial_rivers_room_a,
          chequers_serial_rivers_room_b, chequers_serial_rivers_micro_d
D:10:     layout_cave_pools, minmay_shop_mass, minivault_22,
          corexii_leaking_fountain, uniq_maurice, uniq_psyche, uniq_sonja
D:11:     layout_roguey, enter_trove_2, minivault_16,
          nicolae_qazlal_general_emergency
D:12:     layout_basic, uniq_jorgrun, uniq_fannar, uniq_erolcha
Temple:   compressed_dpeg_triangle_lava_temple

Skill      XL: |  1  2  3  4  5  6  7  8  9 10 11 |
---------------+----------------------------------+-----
Stealth        | 1 2 3 8 |  8.0
Fighting       | 4 6 |  6.0
Short Blades   | 3 4 6 |  6.0
Spellcasting   | 2 4 5 |  5.0
Evocations     | 4 |  4.0
Dodging        | 6 |  6.0
Shields        | 1 4 6 7 |  7.6
Armour         | 4 |  4.0
Throwing       | |  1.7

Action                   |  1- 3 |  4- 6 |  7- 9 | 10-12 || total
-------------------------+-------+-------+-------+-------++-------
Melee: Rapier            |   102 |   133 |   241 |    96 ||   572
       Punch             |     3 |     4 |       |       ||     7
       Short sword       |       |       |       |   199 ||   199
Throw: Throwing net      |     1 |       |     3 |     5 ||     9
  Use: Scroll            |     7 |     8 |     3 |     2 ||    20
       Potion            |     3 |       |     3 |     1 ||     7
 Stab: Sleeping          |     3 |     3 |     1 |     9 ||    16
       Held in net/web   |     2 |       |     1 |     2 ||     5
       Distracted        |       |     1 |       |       ||     1
Armor: Leather armour    |    24 |    37 |    49 |    28 ||   138
       Acid dragon scale |       |       |       |    50 ||    50
Dodge: Dodged            |    69 |    82 |   134 |   180 ||   465
Block: Kite shield       |       |       |    78 |   155 ||   233
